 Dungeon Crawl Stone Soup version 0.27-a0-1149-g4505690ab0 (webtiles) character file.

Game seed: 6916356881479238155

53 Lekart the Slasher (level 3, -4/33 HPs)
             Began as a Draconian Chaos Knight on May 13, 2021.
             Was a Plaything of Xom.
             Succumbed to a kobold's poison
             ... on level 3 of the Dungeon.
             The game lasted 00:02:36 (2211 turns).

Lekart the Slasher (Draconian Chaos Knight)         Turns: 2211, Time: 00:02:36

Health: -4/33      AC:  5    Str: 14    XL:     3   Next: 62%
Magic:  3/3        EV: 12    Int: 12    God:    Xom [*.....]
Gold:   51         SH:  0    Dex: 11    Spells: 2/2 levels left

rFire    . . .     SeeInvis .   a - +0 falchion (chaos)
rCold    . . .     Faith    .   (no shield)
rNeg     . . .     Spirit   .   (armour unavailable)
rPois    .         Reflect  .   (helmet restricted)
rElec    .         Harm     .   (no cloak)
rCorr    .         Rampage  .   (no gloves)
Will     .....                  (no boots)
Stlth    +.........             (no amulet)
HPRegen  0.11/turn              (no ring)
MPRegen  0.08/turn              (no ring)

@: lethally poisoned (-4 -> -31)
A: AC +5, unfitting armour, cold-blooded
a: Renounce Religion


You were on level 3 of the Dungeon.
You worshipped Xom.
You were a special plaything of Xom.
You visited 1 branch of the dungeon, and saw 3 of its levels.

You collected 51 gold pieces.

Inventory:

Hand Weapons
 a - a +0 falchion of chaos (weapon)
Jewellery
 c - an amulet of reflection
 d - an amulet of magic regeneration
 e - a ring of flight
Scrolls
 b - 2 scrolls of teleportation


   Skills:
 + Level 3.9 Fighting
 + Level 4.0 Long Blades
 + Level 2.4 Dodging


You had 2 spell levels left.
You didn't know any spells.
Your spell library was empty.

Dungeon Overview and Level Annotations

Branches:
Dungeon (2/15)

Altars:

Annotations:
D:2 Natasha


Innate Abilities, Weirdness & Mutations

Your plain brown scales are hard. (AC +5)
You cannot fit into any form of body armour.
You are cold-blooded and may be slowed by cold attacks.


Message History

You are poisoned.
You hit the kobold.
The kobold seems to grow stronger.
The kobold is severely wounded.
You feel sick.
The kobold hits you with a +1 dagger of venom.
You are more poisoned.
You closely miss the kobold.
The kobold is severely wounded.
You emit a cloud of colourful smoke!
You feel very sick. The kobold barely misses you.
You riposte.
You hit the kobold but do no damage.
The kobold is severely wounded.
You closely miss the kobold.
The kobold is severely wounded.
You feel very sick.
The kobold hits you with a +1 dagger of venom.
You are lethally poisoned!
You closely miss the kobold.
The kobold is severely wounded.
You feel very sick. The kobold misses you.
You riposte.
You hit the kobold but do no damage.
The kobold seems to speed up.
The kobold is severely wounded.
You are too injured to fight recklessly!
You are too injured to fight recklessly!
You aren't carrying any potions.
Unknown command.
You closely miss the kobold.
The kobold is severely wounded.
* * * LOW HITPOINT WARNING * * *
You feel very sick.
The kobold hits you with a +1 dagger of venom.
* * * LOW HITPOINT WARNING * * *
You are more poisoned.
The kobold barely misses you.
You riposte.
You hit the kobold but do no damage.
The kobold is severely wounded.
You closely miss the kobold.
Your tail-slap misses the kobold.
The kobold is severely wounded.
You die...
Xom laughs nastily!

#..#######
......... ........
......# #.(...#
#.....# #K§...##.
# #@§.......# #
#§§...#...# #
#.....#...# #
#.....#...# #
#.#####...# # #.#
#...# #
#.#####...# #
#.........########
########..........


You could see a kobold (fast, strong).

Vanquished Creatures
  A worm (D:2)
  A dart slug (D:1)
  An orc (D:3)
  2 bats
  3 endoplasms (D:1)
  3 giant cockroaches (D:1)
  3 goblins (D:1)
  7 hobgoblins
  3 jackals (D:1)
  3 quokkas (D:1)
  6 ball pythons
  2 frilled lizards (D:1)
  2 kobolds (D:1)
  6 rats
43 creatures vanquished.

Notes
Turn   | Place    | Note
-------+----------+-------------------------------------------
     0 | D:1      | Lekart the Draconian Chaos Knight began the quest for the
                  | Orb.
     0 | D:1      | Reached XP level 1. HP: 19/19 MP: 1/1
    35 | D:1      | XOM: divination: detect items
    58 | D:1      | XOM: divination: magic mapping
    61 | D:1      | XOM: silly message
   130 | D:1      | XOM: potion effect (brilliance)
   132 | D:1      | Reached XP level 2. HP: 24/26 MP: 2/2
   185 | D:1      | XOM: silly message
   756 | D:1      | Reached XP level 3. HP: 32/33 MP: 3/3
  1255 | D:1      | Found a faded altar of an unknown god.
  1344 | D:1      | XOM: silly message
  1766 | D:2      | Noticed Natasha
  1789 | D:2      | You fall into a shaft and drop 1 floor!
  1974 | D:3      | XOM: god gift: long sword {god gift}
  2185 | D:3      | XOM: silly message
  2203 | D:3      | Reached skill level 4 in Long Blades
  2207 | D:3      | XOM: smoke on damage
  2211 | D:3      | Succumbed to a kobold's poison

Illustrated notes

Levels and vault maps discovered:
D:1:      amcnicky_arrival_gap_in_the_tavern_cellar, layout_loops_ring,
          ebering_ecumenical_altar_sacrificial, serial_co_window_serial,
          co_window_paths_b, co_window_cross_1, co_window_corner_a,
          co_window_paths_a, co_window_of_opportunity_a, co_window_paths_b,
          co_window_corner_b, co_window_of_opportunity_b, co_window_corner_b,
          co_window_corner_ca, glass_columns_c
D:2:      layout_basic, basic_altar, kennysheep_generic_room_15, uniq_natasha
D:3:      layout_basic, lemuel_doored_altar, cheibrodos_sewer_entry_bend,
          serial_corexii_hall, corexii_hall_statues_i, chequers_hall_statues_y,
          minmay_door_square

Skill      XL: |  1  2  3 |
---------------+----------+-----
Long Blades    | 4 |  4.0
Fighting       | |  3.9
Dodging        | |  2.4

Action                   || total
-------------------------++-------
Melee: Falchion          ||   109
       Tailslap          ||    14
  Use: Scroll            ||     2
 Stab: Sleeping          ||     1
Armor: Skin              ||    41
Dodge: Dodged            ||    84
       Rpst.: Falchion   ||    22

Table legend: (Time is in decaauts)
 A = Elapsed time spent in this place.
 B = Non-inter-level travel time spent in this place.
 C = Inter-level travel time spent in this place.
 D = Time resting spent in this place.
 E = Time spent auto-exploring this place.
 F = Levels seen in this place.
 G = Mean time per level.
                   A        B        C        D        E       F      G
               +--------+--------+--------+--------+--------+-----+--------+
         Total |   2232 |   2220 |     12 |    373 |   1463 |   3 |  744.0 |
       Dungeon |   2232 |   2220 |     12 |    373 |   1463 |   3 |  744.0 |
               +--------+--------+--------+--------+--------+-----+--------+

Top non-repeatable levels by time:
     D:1: 1584 daAuts
     D:3: 423 daAuts
     D:2: 224 daAuts
